 Dungeon Crawl Stone Soup version 0.17.1-3-g152610e (webtiles) character file.

93 Metrazal the Sneak (level 4, -1/22 HPs)
             Began as a Spriggan Assassin on Feb 27, 2016.
             Slain by an orc
             ... wielding a +0 hand axe
              (6 damage)
             ... on level 3 of the Dungeon.
             The game lasted 00:12:28 (2015 turns).

Metrazal the Sneak (Spriggan Assassin)              Turns: 2015, Time: 00:12:28

Health: -1/22      AC:  3    Str:  7    XL:     4   Next: 36%
Magic:  5/5        EV: 14    Int: 12    God:
Gold:   53         SH:  0    Dex: 18    Spells: 0 memorised, 3 levels left

rFire  . . .     SeeInvis +     b - +0 blowgun
rCold  . . .     Clarity  .     r - +0 robe
rNeg   . . .     SustAt   .     (shield restricted)
rPois  .         Gourm    .     (helmet restricted)
rElec  .         Spirit   .     d - +0 cloak
rCorr  .         Warding  .     (gloves unavailable)
rMut   .         Stasis   .     (boots unavailable)
MR     .....                    (no amulet)
Stlth  ++++......               (no ring)
                                (no ring)

@: very quick, not resistant to hostile enchantments, stealthy
A: unfitting armour, see invisible, herbivore 3, speed 3, slow metabolism 2
a: no special abilities


You were on level 3 of the Dungeon.
You were not hungry.

You visited 1 branch of the dungeon, and saw 3 of its levels.

You collected 53 gold pieces.

Inventory:

Hand Weapons
 a - a +2 dagger
 b - a +0 blowgun (weapon)
 c - a +0 hunting sling
Missiles
 e - 9 poisoned needles (quivered)
 f - 2 curare-tipped needles
 i - 28 arrows
 j - 113 stones
 p - 28 sling bullets
 q - 15 sling bullets of flame
 x - 3 needles of confusion
Armour
 d - a +0 cloak (worn)
 r - a +0 robe (worn)
Wands
 u - a wand of random effects (26)
Scrolls
 k - a scroll of amnesia {unknown}
 m - 2 scrolls of teleportation {unknown}
 n - 2 scrolls of enchant armour {unknown}
 o - 3 scrolls of identify {unknown}
 s - 2 scrolls of random uselessness {unknown}
 v - a scroll of immolation {unknown}
 w - a scroll of remove curse {unknown}
Potions
 l - 3 potions of curing {unknown}
 t - a potion of cancellation {unknown}
Comestibles
 g - 4 bread rations
 h - a slice of pizza


   Skills:
 - Level 1.5 Fighting
 + Level 3.4 Short Blades
 + Level 1.0(1.9) Slings
 - Level 2.0(2.1) Throwing
 + Level 3.9 Dodging
 + Level 6.6 Stealth


You had 3 spell levels left.
You didn't know any spells.

Dungeon Overview and Level Annotations

Branches:
Dungeon (3/15)

Altars:


Innate Abilities, Weirdness & Mutations

You are tiny and cannot use many weapons and most armour.
You have supernaturally acute eyesight.
You are a herbivore.
You cover ground extremely quickly.
You need consume almost no food.


Message History

Firing (i - inventory. (,) - cycle):
e - 11 poisoned needles (quivered)
Press: ? - help, Shift-Dir - straight line, f/p - orc
Aim: an orc, wielding a hand axe You shoot a poisoned needle.
The poisoned needle hits the orc!
The orc is poisoned.
Found a stone staircase leading up.
An ooze comes into view.
The kobold throws a stone.
The stone closely misses you.
Firing (i - inventory. (,) - cycle):
e - 10 poisoned needles (quivered)
Press: ? - help, Shift-Dir - straight line, f/p - orc
Aim: an orc, wielding a hand axe (moderately wounded, poisoned)
You shoot a poisoned needle. The poisoned needle hits the orc!
The orc looks even sicker.
The orc is moderately wounded.
The kobold throws a stone.
The stone hits you but does no damage.
The kobold throws a stone.
The stone barely misses you.
You see here a stone.
There is a stone staircase leading up here.
The orc hits you with a hand axe.
You die...

##.## #........# #...#
#........#### #...#
##............ #...#
#.(.....#### #...#
#.###......#
#####...#####.###K#(##$#
(........(...K##..#.##.#..J
.....)..)...).##(.(........
..........(...##@o.....#...
#####...###..(..s......#
#...# ##.###.......# #...#
### #.#.(..... #...#
#.#####.... #...# #.# .####
## #.# .. #..


You could see an orc, a giant cockroach (sleeping) and a kobold.

Vanquished Creatures
  Robin (D:2)
  2 adders (D:2)
  4 worms (D:2)
  A giant gecko (D:1)
  3 orcs (D:3)
  3 ball pythons
  3 bats (D:1)
  2 giant cockroaches (D:2)
  10 goblins
  9 hobgoblins
  A quokka (D:2)
  5 giant newts
  3 kobolds
  6 rats
53 creatures vanquished.

Notes
Turn   | Place    | Note
--------------------------------------------------------------
     0 | D:1      | Metrazal the Spriggan Assassin began the quest for the Orb.
     0 | D:1      | Reached XP level 1. HP: 10/10 MP: 2/2
   270 | D:1      | Reached skill level 6 in Stealth
   270 | D:1      | Reached XP level 2. HP: 14/14 MP: 3/3
   833 | D:2      | Reached XP level 3. HP: 5/18 MP: 4/4
  1245 | D:2      | Noticed Robin
  1436 | D:2      | Reached XP level 4. HP: 17/22 MP: 5/5
  1471 | D:2      | Killed Robin
  1974 | D:3      | Reached skill level 1 in Slings
  2015 | D:3      | Slain by an orc

Action                   |  1- 3 |  4- 6 || total
-------------------------+-------+-------++-------
Melee: Dagger            |    94 |    58 ||   152
 Fire: Blowgun           |     6 |     4 ||    10
 Stab: Sleeping          |    12 |       ||    12
